 Dungeon Crawl Stone Soup version 0.31.0-12-g77e489cdc1 (webtiles) character file.

Game seed: 7392675990611973305

192 Gadfly the Trooper (level 5, -2/55 HPs)
             Began as an Oni Berserker on Feb 24, 2024.
             Was a Believer of Trog.
             Slain by an ice beast (14 damage)
             ... on level 3 of the Dungeon.
             The game lasted 00:02:36 (2442 turns).

Gadfly the Trooper (Oni Berserker)                  Turns: 2442, Time: 00:02:36

Health: -2/55      AC:  5    Str: 21    XL:     5   Next: 71%
Magic:  5/5        EV: 10    Int:  8    God:    Trog [**....]
Gold:   48         SH:  5    Dex: 10    Spells: 4/4 levels left

rFire   + . .        a - +1 flail
rCold   . . .        (no shield)
rNeg    . . .        e - +2 robe {rF+}
rPois   .            (helmet restricted)
rElec   .            (no cloak)
rCorr   .            (gloves unavailable)
SInv    .            (boots unavailable)
Will    .....        d - amulet of reflection
Stlth   +            (no ring)
HPRegen 0.29/turn    (no ring)
MPRegen 0.09/turn

%: reflection
@: no status effects
A: large, unfitting armour, horns 1, tough skin 1, double potion healing,
drunken brawling
a: Renounce Religion, Berserk, Trog's Hand


You were on level 3 of the Dungeon.
You worshipped Trog.
Trog was pleased with you.
You visited 1 branch of the dungeon, and saw 3 of its levels.

You collected 48 gold pieces.

Inventory:

Hand Weapons
 a - a +1 flail (weapon)
Armour
 e - a +2 robe of fire resistance (worn)
Jewellery
 d - an amulet of reflection (around neck)
Scrolls
 i - 2 scrolls of teleportation
Potions
 b - a potion of resistance
 f - a potion of degeneration {unknown}
 g - 3 potions of curing {unknown}


   Skills:
 + Level 4.8 Fighting
 * Level 4.1 Maces & Flails
 * Level 2.3 Armour
 - Level 2.6 Dodging
 * Level 2.0 Evocations


You had 4 spell levels left.
You didn't know any spells.
Your spell library was empty.

Dungeon Overview and Level Annotations

Branches:
Dungeon (3/15)

Altars:
Ashenzari

Shops:
D:1 *   D:3 (

Annotations:
D:3 1 transporter, ibelieveinme's ghost, amateur MiFi


Innate Abilities, Weirdness & Mutations

You are too large for most types of armour.
You have a pair of small horns on your head.
You have tough skin. (AC +1)
You gain doubled healing and magic from potions.
Whenever you drink a healing potion, you attack all around you.


Message History

The ice beast is lightly wounded.
The ice beast hits you. The ice beast freezes you!
You closely miss the ice beast.
The ice beast is lightly wounded.
The ice beast hits you. The ice beast freezes you! The ice beast hits you.
The ice beast freezes you.
You are too injured to fight recklessly!
You are too injured to fight recklessly!
You are too injured to fight recklessly!
You are too injured to fight recklessly!
You are too injured to fight recklessly!
You are too injured to fight recklessly!
You are too injured to fight recklessly!
You are too injured to fight recklessly!
You are too injured to fight recklessly!
You are too injured to fight recklessly!
You are too injured to fight recklessly!
You are too injured to fight recklessly!
You are too injured to fight recklessly!
You are too injured to fight recklessly!
You are too injured to fight recklessly!
You are too injured to fight recklessly!
Unknown command.
You barely miss the ice beast. The ice beast hits you.
The ice beast freezes you!
* * * LOW HITPOINT WARNING * * *
You hit the ice beast but do no damage.
The ice beast hits you but does no damage.
Unknown command.
The ice beast attacks as it pursues you!
The ice beast hits you but does no damage.
The ice beast attacks as it pursues you!
The ice beast barely misses you.
The ice beast attacks as it pursues you!
The ice beast barely misses you.
The ice beast attacks as it pursues you!
The ice beast hits you.
* * * LOW HITPOINT WARNING * * *
The ice beast freezes you!
You die...

##..##
#.....#....#..#.#
####..##
#####.#.#####.#.#
.....## #.#.####
.# # .#####
##.#....# .#
###..#.##.# .#
#...########.# .#
#.###........# .#
#.# #Y######## .#
#.# #@#....# .#
#.###.#.....# .#
#.....#....... .#
#######....#.# ##
##.....# #####


You could see an ice beast.

Vanquished Creatures
  A bombardier beetle (D:3)
  Jessica (D:2)
  Terence (D:2)
  Robin (D:2)
  2 adders
  2 ribbon worms (D:2)
  4 dart slugs
  8 endoplasms
  A giant cockroach (D:2)
  14 goblins
  5 hobgoblins
  3 jackals
  2 quokkas
  4 ball pythons
  5 bats
  A frilled lizard (D:1)
  5 kobolds
  2 rats
62 creatures vanquished.

Notes
Turn   | Place    | Note
-------+----------+-------------------------------------------
     0 | D:1      | Gadfly the Oni Berserker began the quest for the Orb.
     0 | D:1      | Reached XP level 1. HP: 24/24 MP: 1/1
   108 | D:1      | Reached XP level 2. HP: 31/32 MP: 2/2
   147 | D:1      | Found Lotimiz's General Store.
   394 | D:1      | Reached skill level 1 in Armour
   489 | D:2      | Reached XP level 3. HP: 30/39 MP: 3/3
   492 | D:2      | Reached skill level 1 in Evocations
   573 | D:2      | Noticed Jessica
   581 | D:2      | Killed Jessica
   582 | D:2      | Reached XP level 4. HP: 24/49 MP: 4/4
   717 | D:2      | Noticed Robin
   729 | D:2      | Reached ** piety under Trog
   736 | D:2      | Killed Robin
   898 | D:2      | Noticed Terence
   912 | D:2      | Killed Terence
   913 | D:2      | Reached XP level 5. HP: 27/55 MP: 5/5
  1630 | D:3      | Found a transporter.
  1692 | D:3      | Noticed ibelieveinme's ghost (amateur MiFi)
  1694 | D:3      | Noticed an ogre
  1881 | D:3      | Found a broken altar of Ashenzari.
  1924 | D:3      | Found Suabbit's Antique Weapon Boutique.
  2430 | D:3      | Noticed an ice beast
  2442 | D:3      | Slain by an ice beast

Illustrated notes

Levels and vault maps discovered:
D:1:      minmay_arrival_five_plusses, layout_basic, serial_shops, shop,
          kennysheep_minor_cross
D:2:      layout_loops_ring, st_stairs_13, serial_park_tiny_2,
          chequers_decorated_corner, uniq_jessica, uniq_robin, uniq_terence
D:3:      layout_basic, mainiacjoe_overflow_catwalk, gammafunk_ghost_smash,
          serial_shops, shop, serial_co_window_serial, co_window_corner_a,
          co_window_corner_a, co_window_corner_a, co_window_of_opportunity_a,
          co_window_paths_a, co_window_paths_b, co_window_corner_a,
          co_window_paths_c, co_window_corner_b, co_window_of_opportunity_c,
          co_window_4corner_a, co_window_sun, glass_columns_c, glass_columns_c

Skill      XL: |  1  2  3  4  5 |
---------------+----------------+-----
Armour         | 1 2 |  2.3
Evocations     | 1 2 |  2.0
Maces & Flails | 4 |  4.1
Fighting       | |  4.8
Dodging        | |  2.6

Action                     |  1- 3 |  4- 6 || total
---------------------------+-------+-------++-------
  Melee: Mace              |    59 |    47 ||   106
         Headbutt          |    12 |    14 ||    26
         Punch             |     1 |       ||     1
         Flail             |       |    64 ||    64
 Invoke: Berserk           |       |     1 ||     1
    Use: Scroll            |     1 |     5 ||     6
         Potion            |       |     1 ||     1
   Stab: Sleeping          |       |     1 ||     1
 Armour: Animal skin       |    36 |       ||    36
         Robe              |       |    76 ||    76
  Dodge: Dodged            |    36 |    45 ||    81
  Block: Other             |    16 |    25 ||    41
         Reflection        |     1 |       ||     1
